 Dungeon Crawl Stone Soup version 0.23.2-30-g0e89c35649 (webtiles) character file.

Game seed: 16387106792073549646

49763 Pyrotika the Cleaver (level 14, 0/127 HPs)
             Began as a Hill Orc Fighter on June 11, 2019.
             Was a Follower of Uskayaw.
             Slain by a fire elemental (3 damage)
             ... led by Azrael
             ... while petrified by a basilisk
             ... on level 14 of the Dungeon.
             The game lasted 01:40:47 (25936 turns).

Pyrotika the Cleaver (Hill Orc Fighter)            Turns: 25936, Time: 01:40:48

Health: 0/127      AC:  9    Str: 37    XL:     14   Next: 52%
Magic:  23/23      EV:  2    Int:  8    God:    Uskayaw [*.....]
Gold:   640        SH:  0    Dex:  8    Spells: 13/13 levels left

rFire    + . .     SeeInvis +   H - +1 long sword of the Moth {drain, MR+ Str+7}
rCold    . . .     Gourm    .   y - +2 large shield
rNeg     + + +     Faith    .   k - +2 leather armour of Ytushor {rCorr Str+2 SInv Stlth+}
rPois    ∞         Spirit   .   (no helmet)
rElec    .         Reflect  +   v - scarf {rC+ rF+}
rCorr    +         Harm     .   r - +1 pair of gloves "Annarate" {rC- Regen+ MP+9 Str+4}
MR       ++...     Rnd*Rage +   (no boots)
Stlth    ++........             d - +3 amulet of reflection
HPRegen  0.71/turn              b - ring of flight
MPRegen  0.18/turn              e - ring of resist corrosion

@: petrified
A: berserk 1, clumsy 1
a: Stomp, Renounce Religion, Evoke Flight


You were on level 14 of the Dungeon.
You worshipped Uskayaw.
Uskayaw was noncommittal.
You were not hungry.

You visited 4 branches of the dungeon, and saw 21 of its levels.

You collected 1790 gold pieces.
You spent 1150 gold pieces at shops.

Inventory:

Hand Weapons
 q - a +4 mace
 F - the +9 long sword of Taymmuuxt {venom, rC+ MR- Int+4 Dex+3}
   (You bought it in a shop on level 1 of the Orcish Mines)

   It poisons the flesh of those it strikes.
   It affects your intelligence (+4).
   It affects your dexterity (+3).
   It protects you from cold.
   It affects your resistance to hostile enchantments.
 H - the +1 long sword of the Moth (weapon) {drain, MR+ Str+7}
   (You found it on level 7 of the Dungeon)

   A truly terrible weapon, it drains the life of those it strikes.
   It affects your strength (+7).
   It affects your resistance to hostile enchantments.
Armour
 c - a +0 shield
 h - the +3 chain mail of Fortitude {rF++ rC+ Str+3}
   (You found it on level 12 of the Dungeon)

   It affects your strength (+3).
   It greatly protects you from fire.
   It protects you from cold.
 k - the +2 leather armour of Ytushor (worn) {rCorr Str+2 SInv Stlth+}
   (You bought it in a shop on level 2 of the Orcish Mines)

   It affects your strength (+2).
   It lets you see invisible.
   It provides partial protection from all sources of acid and corrosion.
   It makes you more stealthy.
 r - the +1 pair of gloves "Annarate" (worn) {rC- Regen+ MP+9 Str+4}
   (You bought it in a shop on level 2 of the Orcish Mines)

   It affects your strength (+4).
   It makes you vulnerable to cold.
   It affects your magic capacity (+9).
   It increases your rate of regeneration.
 v - a scarf of resistance (worn)
 y - a +2 large shield (worn)
Jewellery
 b - a ring of flight (left hand)
 d - a +3 amulet of reflection (around neck)
 e - a ring of resist corrosion (right hand)
Wands
 o - a wand of disintegration (10)
 C - a wand of digging (9)
 D - a wand of iceblast (46)
Scrolls
 i - 4 scrolls of identify
 j - a scroll of fog
 m - a scroll of fear
 n - 2 scrolls of immolation
 p - 3 scrolls of noise
 t - 3 scrolls of amnesia
 u - 4 scrolls of enchant weapon
 w - 11 scrolls of remove curse
 A - a scroll of teleportation
 B - 5 scrolls of enchant armour
Potions
 a - 4 potions of agility
 g - 2 potions of brilliance
 l - a potion of magic
 s - 3 potions of flight
 x - a potion of resistance
 z - a potion of curing
 E - a potion of invisibility {unknown}
Comestibles
 f - 13 rations


   Skills:
 + Level 12.8 Fighting
 * Level 12.9 Long Blades
   Level 14.2 Axes
 + Level 11.9 Armour
 + Level 8.9 Dodging
 * Level 6.9 Shields


You had 13 spell levels left.
You didn't know any spells.
Your spell library contained the following spells:

 Spells                   Type           Power        Failure   Level  Hunger
 Animate Skeleton         Necr           N/A          99%         1    ##.....
 Pain                     Necr           #...         99%         1    ##.....
 Sting                    Conj/Pois      #...         99%         1    ##.....
 Poisonous Vapours        Pois/Air       #.....       100%        2    ###....
 Mephitic Cloud           Conj/Pois/Air  #.......     100%        3    ####...
 Regeneration             Chrm/Necr      #.........   100%        3    ####...
 Vampiric Draining        Necr           #.........   100%        3    ####...
 Animate Dead             Necr           N/A          100%        4    #####..
 Olgreb's Toxic Radiance  Pois           #.......     100%        4    #####..
 Venom Bolt               Conj/Pois      #.........   100%        5    ######.


Dungeon Overview and Level Annotations

Branches:
Dungeon (15/15)            Temple (1/1) D:7            Lair (3/6) D:11
  Swamp (0/4) Lair:3        Snake (0/4) Lair:2          Orc (2/2) D:11
    Elf (0/3) Orc:2
 Vaults: D:13-14     Depths: D:15

Altars:
Ashenzari
Cheibriados
Dithmenos
Elyvilon
Fedhas
Hepliaklqana
Kikubaaqudgha
Makhleb
Nemelex Xobeh
Okawaru
Qazlal
Ru
Sif Muna
Trog
Uskayaw
Vehumet
Wu Jian
Xom
Yredelemnul
Zin
The Shining One

Shops:
D:11 (   D:12 *   D:13 :   Orc:1 %}(![   Orc:2 **:[

Portals:
Trove: D:12 (give 9 potions of haste)

Annotations:
Lair:3 Rupert


Innate Abilities, Weirdness & Mutations

You tend to lose your temper in combat.
You are clumsy. (Dex -2)


Message History

The meliai zombie hits you.
* * * LOW HITPOINT WARNING * * *
The fire elemental hits you. The fire elemental burns you! You resist.
* * * LOW HITPOINT WARNING * * *
The meliai zombie hits you but does no damage. x2
The fire elemental hits you. The fire elemental burns you! You resist.
* * * LOW HITPOINT WARNING * * *
The troll bites you!
* * * LOW HITPOINT WARNING * * *
The troll claws you!
* * * LOW HITPOINT WARNING * * *
The troll claws you!
* * * LOW HITPOINT WARNING * * *
The fire elemental hits you. The fire elemental burns you! You resist.
* * * LOW HITPOINT WARNING * * *
The meliai zombie hits you.
* * * LOW HITPOINT WARNING * * *
The meliai zombie hits you. The fire elemental hits you.
The fire elemental burns you! You resist.
You die...

## ○c..
.###+##.+############u..
.....#..............°...
......^..........○......
#..........c............
#.......................
#.......................
.....lHTE...............
.......@Z°.u............
........Ecu.............
........................
........................
........................
########################


You could see 2 ugly things, a hippogriff, a troll, a basilisk, 2 fire
elementals, 2 centaurs and a meliai zombie.

Vanquished Creatures
  Josephine (D:10)
  2 centaur warriors (D:13)
  3 two-headed ogres
  A tengu warrior (D:12)
  4 orc high priests
  An unseen horror (D:10)
  4 skeletal warriors (D:12)
  7 orc knights
  6 orc sorcerers
  2 ugly things
  Pikel (D:7)
  A black mamba (Lair:1)
  4 cyclopes
  Maurice (D:10)
  Psyche (D:10)
  Joseph (D:7)
  A kobold demonologist (D:12)
  A rime drake (shapeshifter) (D:13)
  2 komodo dragons
  6 spiny frogs
  2 ice devils
  8 trolls
  7 hippogriffs
  4 blink frogs
  5 wraiths (D:10)
  A shadow (D:11)
  41 yaks
  3 wyverns
  2 basilisks
  A hungry ghost (D:9)
  6 wargs
  18 water moccasins
  11 porcupines
  2 ice beasts
  2 sky beasts
  2 slaves (D:7)
  A black bear (D:12)
  33 orc warriors
  2 necrophages
  8 ogres
  A phantom (D:11)
  4 wolves (Lair:1)
  17 centaurs
  12 crocodiles
  4 big kobolds
  17 bullfrogs
  A wyvern skeleton (D:12)
  A scorpion (D:13)
  A water moccasin skeleton (D:5)
  6 killer bees (D:8)
  7 wights (D:7)
  4 howler monkeys
  6 crimson imps
  A bullfrog zombie (D:10)
  A quasit (D:11)
  21 orc priests
  3 jellies
  6 hounds
  2 bullfrog skeletons
  2 iguanas
  An iron imp (D:6)
  2 centaur skeletons
  33 orc wizards
  Natasha (D:4)
  13 worker ants
  2 killer bee zombies
  2 hound skeletons
  17 adders
  A shadow imp (D:7)
  An adder skeleton (D:9)
  A worm (D:3)
  5 leopard geckos
  92 orcs
  3 giant cockroaches
  2 gnoll zombies (D:8)
  7 goblins
  9 hobgoblins
  6 jackals
  4 quokkas
  A ball python skeleton (D:5)
  2 bats (D:3)
  3 frilled lizards
  A jackal zombie (D:6)
  24 kobolds
  2 leopard gecko skeletons (D:4)
  11 rats
572 creatures vanquished.

Vanquished Creatures (others)
  An ugly thing (D:14)
  A troll (D:15)
  A slave (D:7)
  6 centaurs
  A wight (D:7)
  A crimson imp (D:7)
  2 plants
13 creatures vanquished.

Grand Total: 585 creatures vanquished

Notes
Turn   | Place    | Note
-------+----------+-------------------------------------------
     0 | D:1      | Pyrotika the Hill Orc Fighter began the quest for the Orb.
     0 | D:1      | Reached XP level 1. HP: 19/19 MP: 1/1
   146 | D:1      | Reached skill level 3 in Axes
   147 | D:1      | Reached XP level 2. HP: 27/27 MP: 2/2
   746 | D:2      | Reached XP level 3. HP: 33/33 MP: 3/3
  1072 | D:2      | Reached skill level 4 in Axes
  1072 | D:2      | Reached XP level 4. HP: 13/40 MP: 4/4
  1421 | D:2      | Found a faded altar of an unknown god.
  2416 | D:4      | Reached XP level 5. HP: 46/47 MP: 5/5
  2580 | D:4      | Noticed a phantom
  2584 | D:4      | Noticed an ogre
  3192 | D:4      | Killed an ogre
  3192 | D:4      | Reached skill level 5 in Axes
  3192 | D:4      | Reached XP level 6. HP: 55/55 MP: 6/6
  3318 | D:4      | Noticed Natasha
  3324 | D:4      | Killed Natasha
  3330 | D:4      | Reached skill level 1 in Dodging
  3428 | D:5      | Entered Level 5 of the Dungeon
  3448 | D:4      | Reached skill level 5 in Fighting
  3511 | D:5      | Reached skill level 6 in Axes
  3847 | D:5      | Noticed a sky beast
  3872 | D:5      | Reached XP level 7. HP: 49/61 MP: 7/7
  3887 | D:5      | Reached skill level 7 in Axes
  3887 | D:5      | Reached skill level 5 in Armour
  4765 | D:6      | Reached XP level 8. HP: 68/70 MP: 8/8
  4817 | D:6      | Reached skill level 8 in Axes
  4933 | D:6      | Noticed a wyvern
  4957 | D:6      | Killed a wyvern
  5197 | D:6      | Reached skill level 9 in Axes
  5446 | D:6      | Found a snail-covered altar of Cheibriados.
  5532 | D:7      | Noticed Joseph
  5563 | D:7      | Killed Joseph
  5563 | D:7      | Reached skill level 10 in Axes
  5563 | D:7      | Reached XP level 9. HP: 14/79 MP: 9/9
  5914 | D:7      | Noticed Pikel
  5938 | D:7      | Killed Pikel
  6124 | D:7      | Found a staircase to the Ecumenical Temple.
  6136 | Temple   | Entered the Ecumenical Temple
  6200 | Temple   | Became a worshipper of Uskayaw the Reveler
  6304 | D:7      | Reached * piety under Uskayaw
  6316 | D:7      | Reached ** piety under Uskayaw
  6333 | D:7      | Reached *** piety under Uskayaw
  6337 | D:7      | Reached **** piety under Uskayaw
  6341 | D:7      | Reached ***** piety under Uskayaw
  6596 | D:7      | Found a burning altar of Makhleb.
  6629 | D:7      | Got an ichor-stained long sword
  6630 | D:7      | Identified the cursed +1 long sword of the Moth {drain, MR+
                  | Str+7} (You found it on level 7 of the Dungeon)
  7123 | D:8      | Found an iron altar of Okawaru.
  7290 | D:8      | Found an ancient bone altar of Kikubaaqudgha.
  7290 | D:8      | Noticed a two-headed ogre
  7717 | D:8      | Found a basalt altar of Yredelemnul.
  7821 | D:8      | Reached skill level 11 in Axes
  7825 | D:8      | HP: 4/82 [killer bee (2)]
  7832 | D:8      | HP: 4/82 [killer bee (2)]
  7839 | D:8      | Reached XP level 10. HP: 17/90 MP: 10/10
  8282 | D:8      | Found an ornate altar of the Wu Jian Council.
  8766 | D:9      | Reached skill level 5 in Dodging
  8841 | D:9      | Reached skill level 1 in Long Blades
  9909 | D:9      | Noticed a two-headed ogre
 10523 | D:10     | Entered Level 10 of the Dungeon
 10794 | D:10     | Killed an unseen horror
 10942 | D:10     | Reached skill level 12 in Axes
 10946 | D:10     | Noticed Maurice
 11088 | D:10     | Noticed Josephine
 11100 | D:10     | Killed Josephine
 11100 | D:10     | Reached skill level 5 in Long Blades
 11100 | D:10     | Reached XP level 11. HP: 94/97 MP: 11/11
 11179 | D:10     | Noticed Psyche
 11196 | D:10     | Killed Psyche
 11369 | D:10     | Killed Maurice
 11746 | D:11     | Noticed a cyclops
 11968 | D:11     | Got a twisted spear
 12081 | D:11     | Reached skill level 10 in Fighting
 12090 | D:11     | Reached ****** piety under Uskayaw
 12606 | D:11     | Found a staircase to the Lair.
 12931 | D:11     | Noticed a cyclops
 12948 | D:11     | Killed a cyclops
 12953 | D:11     | Found a staircase to the Orcish Mines.
 13245 | D:11     | Found Tatinling's Antique Weapon Boutique.
 13381 | D:11     | Reached XP level 12. HP: 107/107 MP: 12/12
 13504 | Lair:1   | Entered Level 1 of the Lair of Beasts
 13518 | Lair:1   | Reached skill level 13 in Axes
 13726 | Lair:1   | Reached skill level 10 in Armour
 13867 | Lair:1   | Found a bloodstained altar of Trog.
 15343 | Lair:2   | Found a staircase to the Snake Pit.
 15361 | Lair:2   | Reached skill level 10 in Long Blades
 15682 | Lair:2   | Reached XP level 13. HP: 92/116 MP: 13/13
 16397 | Lair:3   | Found a blossoming altar of Fedhas.
 16535 | Lair:3   | Found a staircase to the Swamp.
 16542 | Lair:3   | Noticed Rupert
 17049 | Orc:1    | Entered Level 1 of the Orcish Mines
 17097 | Orc:1    | Found Sonuu's Gadget Shop.
 17097 | Orc:1    | Found Kuumuotie's Food Shoppe.
 17118 | Orc:2    | Entered Level 2 of the Orcish Mines
 17137 | Orc:1    | Reached skill level 14 in Axes
 17276 | Orc:1    | Found a flagged portal.
 18510 | Orc:1    | Found Ygithraf's Antique Weapon Boutique.
 18518 | Orc:1    | Bought a jewelled long sword for 221 gold pieces
 18518 | Orc:1    | Identified the +9 long sword of Taymmuuxt {venom, rC+ MR-
                  | Int+4 Dex+3} (You bought it in a shop on level 1 of the
                  | Orcish Mines)
 18519 | Orc:1    | Identified the cursed +3 spear of the Eggplant {flame, rC+
                  | Str+3} (You found it on level 11 of the Dungeon)
 18542 | Orc:1    | Found Qakowahu's Armour Boutique.
 18542 | Orc:1    | Found Deda Fia's Distillery.
 18548 | Orc:1    | Bought a potion of curing for 36 gold pieces
 18548 | Orc:1    | Bought a potion of magic for 96 gold pieces
 18548 | Orc:1    | Bought a potion of resistance for 120 gold pieces
 18687 | Orc:2    | Found a staircase to the Elven Halls.
 18754 | Orc:2    | Found Suasch's Antique Armour Shoppe.
 19063 | Orc:2    | Noticed an orc warlord
 20938 | Orc:2    | Gained mutation: You tend to lose your temper in combat. [a
                  | neqoxec]
 20953 | Orc:2    | Gained mutation: You are clumsy. (Dex -2) [a neqoxec]
 22003 | Orc:2    | Reached skill level 5 in Shields
 23525 | Orc:2    | Reached XP level 14. HP: 96/127 MP: 14/14
 23543 | Orc:2    | Found Xengi's Assorted Antiques.
 23564 | Orc:2    | Found Engic's Book Shop.
 23767 | Orc:2    | Found Wegelaip's General Store.
 23781 | Orc:2    | Bought a pair of ichor-stained gloves for 247 gold pieces
 23781 | Orc:2    | Bought a brightly glowing scale mail for 234 gold pieces
 23781 | Orc:2    | Identified the +1 pair of gloves "Annarate" {rC- Regen+
                  | MP+9 Str+4} (You bought it in a shop on level 2 of the
                  | Orcish Mines)
 23793 | Orc:2    | Identified the cursed +0 scale mail of the Prince {*Corrode
                  | rElec Regen+ Slay+5} (You bought it in a shop on level 2 of
                  | the Orcish Mines)
 23806 | Orc:2    | Bought a transparent leather armour for 196 gold pieces
 23806 | Orc:2    | Identified the +2 leather armour of Ytushor {rCorr Str+2
                  | SInv Stlth+} (You bought it in a shop on level 2 of the
                  | Orcish Mines)
 24302 | D:12     | Found a radiant altar of Vehumet.
 24458 | D:12     | Got a spiked chain mail
 24459 | D:12     | Identified the +3 chain mail of Fortitude {rF++ rC+ Str+3}
                  | (You found it on level 12 of the Dungeon)
 24494 | D:12     | Found Riroist's General Store.
 25052 | D:12     | Found a portal to a secret trove of treasure.
 25215 | D:13     | Found Pulug's Book Shoppe.
 25414 | D:12     | HP: 3/127 [skeletal warrior/+0 scimitar[a skeletal warrior]
                  | (26)]
 25868 | D:13     | You fall through a shaft for 2 floors!
 25868 | D:15     | Entered Level 15 of the Dungeon
 25936 | D:14     | HP: 4/127 [fire elemental[Azrael] (3)]
 25936 | D:14     | Slain by a fire elemental

Skill      XL: |  1  2  3  4  5  6  7  8  9 10 11 12 13 14 |
---------------+-------------------------------------------+-----
Axes           | 3 4 5 6 7 10 11 12 13 14 | 14.2
Fighting       | 4 5 7 8 9 10 11 12 | 12.8
Armour         | 4 5 6 7 8 9 10 11 | 11.9
Shields        | 4 5 6 |  6.9
Dodging        | 1 2 3 4 5 6 7 8 |  8.9
Long Blades    | 5 8 10 12 | 12.9

Action                   |  1- 3 |  4- 6 |  7- 9 | 10-12 | 13-15 || total
-------------------------+-------+-------+-------+-------+-------++-------
Melee: War axe           |   105 |   144 |   251 |       |       ||   500
       Long sword        |       |       |   135 |  1046 |  1145 ||  2326
Evoke: Wand              |       |       |       |       |     1 ||     1
  Use: Potion            |       |     1 |    10 |     3 |     4 ||    18
       Scroll            |       |       |    10 |     1 |    15 ||    26
 Stab: Paralysed         |       |       |     4 |    37 |    47 ||    88
  Eat: Ration            |       |     2 |     3 |     7 |     8 ||    20
       Chunk             |       |     3 |     3 |    11 |     7 ||    24
Armor: Scale mail        |    41 |    59 |    50 |       |       ||   150
       Plate armour      |       |       |   192 |   496 |   280 ||   968
       Robe              |       |       |     1 |       |       ||     1
       Leather armour    |       |       |       |       |    61 ||    61
Dodge: Dodged            |    29 |    46 |   138 |   268 |   303 ||   784
Block: Shield            |    47 |    60 |   275 |   826 |   576 ||  1784
       Reflection        |       |       |     1 |    31 |    43 ||    75
       Large shield      |       |       |       |       |   264 ||   264
       Rpst.: Long sword |       |       |    23 |    75 |    80 ||   178
